AoeStats
← rOkEt1821

Arabia

510189837Analyzed
1v1 RM · 1d ago on Sep 29, 2026· 27m 6s· 2 players
Game mode
Random Map
Map size
Tiny (2 player)
Population
200
Speed
Normal
Resources
Standard
Victory
Conquest
Starting age
Dark Age
Ending age
Imperial Age
RankedLock teamsTeams togetherTeam positionsShared explorationLock speedFull tech treeHidden civsTurbo modeCheats
Victory
Defeat
🇨🇴 Aztecs · Colombia
487
+16
🇨🇴 Gurjaras · Colombia
482
-16
rOkEt1821
11:57 Feudal Age
13:27 Wheelbarrow
12:34 Horse Collar
13:08 Double-Bit Axe
22:03 Man-at-Arms
zXproXz
11:47 Feudal Age
13:09 Double-Bit Axe
13:07 Horse Collar
14:45 Scale Mail Armor
15:41 Forging
17:25 Man-at-Arms
23:40 Castle Age
22:08 Arson
25:04 Chain Mail Armor
25:12 Pikeman
25:16 Long Swordsman
Connection lost

Rejoining the realm…

Still unreachable

The connection could not be restored.

Session expired

The server has moved on; the page needs a fresh start.